 Dungeon Crawl Stone Soup version 0.26-a0-937-g67df3f2acb (webtiles) character file.

Game seed: 12954459775651892156

438 Descartes the Frost Mage (level 6, -2/32 HPs)
             Began as a Deep Elf Ice Elementalist on Nov 27, 2020.
             Slain by a bullfrog skeleton (3 damage)
             ... on level 4 of the Dungeon.
             The game lasted 00:14:05 (4943 turns).

Descartes the Frost Mage (DEIE)                     Turns: 4943, Time: 00:14:06

Health: -2/32      AC:  3    Str:  5    XL:     6   Next: 69%
Magic:  9/15       EV: 13    Int: 22    God:
Gold:   243        SH:  0    Dex: 15    Spells: 11/15 levels left

rFire    . . .     SeeInvis .   q - +0 falchion
rCold    . . .     Faith    .   (no shield)
rNeg     . . .     Spirit   .   a - +0 robe
rPois    .         Reflect  .   (no helmet)
rElec    .         Harm     .   (no cloak)
rCorr    .         Rampage  .   k - +0 pair of gloves
MR       .....                  (no boots)
Stlth    ++........             (no amulet)
HPRegen  0.10/turn              (no ring)
MPRegen  0.14/turn              (no ring)

@: no status effects
A: no striking features
a: no special abilities


You were on level 4 of the Dungeon.
You visited 1 branch of the dungeon, and saw 4 of its levels.
You also visited: Sewer.

You collected 243 gold pieces.

Inventory:

Hand Weapons
 g - a +0 dagger
 l - a +0 hunting sling
 q - a +0 falchion (weapon)
Missiles
 c - 13 arrows
 e - 104 stones
 o - 18 poisoned darts
 p - 4 boomerangs
Armour
 a - a +0 robe (worn)
 k - a +0 pair of gloves (worn)
Jewellery
 x - the ring "Iguom" {Fire rElec Str+5 Int-3}
   (You found it on level 4 of the Dungeon)

   [ring of fire]

   It enhances your fire magic.
   It affects your strength (+5).
   It affects your intelligence (-3).
   It protects you from fire.
   It makes you vulnerable to cold.
   It insulates you from electricity.
Wands
 n - a wand of paralysis (7)
Scrolls
 d - 4 scrolls of remove curse
 h - 2 scrolls of teleportation
 i - 2 scrolls of fog
 m - a scroll of amnesia
 u - 2 scrolls of identify
 v - 2 scrolls of blinking
Potions
 b - a potion of heal wounds
 f - a potion of curing
 j - a potion of degeneration {unknown}
 r - 2 potions of flight {unknown}
 s - a potion of might {unknown}
 t - a potion of resistance {unknown}
 w - a potion of cancellation {unknown}


   Skills:
 - Level 2.4 Dodging
 - Level 2.4 Stealth
 - Level 5.0 Spellcasting
 + Level 8.2 Ice Magic


You had 11 spell levels left.
You knew the following spells:

 Your Spells              Type           Power        Failure   Level
a - Freeze                Ice            ####         1%          1
b - Frozen Ramparts       Ice            #####.       1%          3

Your spell library contained the following spells:

 Spells                   Type           Power        Failure   Level
 Ozocubu's Armour         Ice            #####...     1%          3
 Hailstorm                Conj/Ice       ###.....     19%         4
 Summon Ice Beast         Ice/Summ       ###.....     19%         4


Dungeon Overview and Level Annotations

Branches:
Dungeon (4/15)              Sewer (visited)
 Temple: D:4-7

Altars:
Elyvilon
Kikubaaqudgha
Trog
Yredelemnul

Annotations:
D:2 Sigmund


Message History

Press: ? - help, Shift-Dir - straight line, f/p - bullfrog skeleton
Aim: a bullfrog skeleton (moderately damaged)
The bullfrog skeleton completely resists.
You freeze the bullfrog skeleton but do no damage.
The bullfrog skeleton hits you.
The bullfrog skeleton closely misses you.
You barely miss the bullfrog skeleton.
The bullfrog skeleton is moderately damaged.
The bullfrog skeleton hits you.
You hit the bullfrog skeleton.
The bullfrog skeleton is heavily damaged.
The bullfrog skeleton hits you!
* * * LOW HITPOINT WARNING * * *
The bullfrog skeleton hits you.
* * * LOW HITPOINT WARNING * * *
You hit the bullfrog skeleton.
The bullfrog skeleton is heavily damaged.
The bullfrog skeleton closely misses you.
The bullfrog skeleton hits you.
You die...

.....##.#........>........
.###.##.#.######...######.
. #......# #...# ####.###
#...# ... #...# #. #...#
#...# #...# #@### #Z# #..
#..# .... ...## ...# #.#.#


You could see a bullfrog skeleton.

Vanquished Creatures
  Purgy (Sewer)
  A hound (D:3)
  An orc wizard (D:4)
  3 orc priests
  An iguana (D:4)
  A hound skeleton (D:4)
  6 adders
  An ooze (D:1)
  6 worms
  2 dart slugs
  2 leopard geckos
  7 orcs
  3 ball pythons (Sewer)
  10 bats
  3 giant cockroaches
  2 hobgoblins
  9 jackals
  3 kobolds
  2 quokkas (D:3)
  7 frilled lizards
  2 gnoll zombies (D:2)
  8 goblins
  8 rats
89 creatures vanquished.

Notes
Turn   | Place    | Note
-------+----------+-------------------------------------------
     0 | D:1      | Descartes the Deep Elf Ice Elementalist began the quest for
                  | the Orb.
     0 | D:1      | Reached XP level 1. HP: 10/10 MP: 6/6
   268 | D:1      | Reached XP level 2. HP: 15/15 MP: 6/8
   294 | D:1      | Reached skill level 5 in Ice Magic
   537 | D:1      | Reached XP level 3. HP: 15/19 MP: 2/10
   605 | D:1      | Learned a level 3 spell: Frozen Ramparts
  1482 | D:2      | Noticed Sigmund
  1779 | D:2      | Found a basalt altar of Yredelemnul.
  1885 | D:2      | Reached XP level 4. HP: 23/24 MP: 6/12
  2655 | D:3      | Found a glowing drain.
  2683 | Sewer    | Entered a sewer
  2774 | Sewer    | Noticed Purgy
  2786 | Sewer    | Killed Purgy
  2787 | Sewer    | Reached skill level 5 in Spellcasting
  2787 | Sewer    | Reached skill level 6 in Ice Magic
  2787 | Sewer    | Reached XP level 5. HP: 6/28 MP: 6/14
  3321 | D:3      | Found an ancient bone altar of Kikubaaqudgha.
  3477 | D:3      | Reached skill level 7 in Ice Magic
  3572 | D:3      | Found a bloodstained altar of Trog.
  3746 | D:3      | Found a white marble altar of Elyvilon.
  3759 | D:3      | Reached XP level 6. HP: 32/32 MP: 12/15
  4665 | D:4      | Reached skill level 8 in Ice Magic
  4916 | D:4      | Got a vibrating iron ring
  4917 | D:4      | Identified the ring "Iguom" {Fire rElec Str+5 Int-3} (You
                  | found it on level 4 of the Dungeon)
  4942 | D:4      | HP: 1/32 [bullfrog skeleton (2)]
  4943 | D:4      | Slain by a bullfrog skeleton

Illustrated notes

Levels and vault maps discovered:
D:1:      matt_arrival_refuge, layout_basic, minmay_misc_feat_encased
D:2:      layout_basic, lemuel_zombie_altar_yredelemnul, uniq_sigmund
D:3:      layout_basic, old_standard_altar, kiku_gazebo_pond_becter,
          bloody_trog, cheibrodos_sewer_entry_bend
D:4:      layout_loops_cross, gammafunk_temple_overflow_elements,
          kennysheep_generic_room_7

Skill      XL: |  1  2  3  4  5  6 |
---------------+-------------------+-----
Ice Magic      | 5 6 7 8 |  8.2
Spellcasting   | 4 5 |  5.0
Dodging        | |  2.4
Stealth        | |  2.4

Action                   |  1- 3 |  4- 6 || total
-------------------------+-------+-------++-------
Melee: Unarmed           |     4 |       ||     4
       Dagger            |    21 |    23 ||    44
       Falchion          |       |    14 ||    14
 Cast: Freeze            |    63 |    85 ||   148
       Frozen Ramparts   |     2 |     9 ||    11
  Use: Scroll            |       |    10 ||    10
       Potion            |       |     2 ||     2
 Stab: Sleeping          |       |     4 ||     4
Armor: Robe              |    10 |    12 ||    22
Dodge: Dodged            |    54 |    80 ||   134
       Rpst.: Falchion   |       |    10 ||    10

Table legend: (Time is in decaauts)
 A = Elapsed time spent in this place.
 B = Non-inter-level travel time spent in this place.
 C = Inter-level travel time spent in this place.
 D = Time resting spent in this place.
 E = Time spent auto-exploring this place.
 F = Levels seen in this place.
 G = Mean time per level.
                   A        B        C        D        E       F      G
               +--------+--------+--------+--------+--------+-----+--------+
         Total |   4978 |   4796 |    182 |    310 |   3809 |   5 |  995.6 |
       Dungeon |   4440 |   4258 |    182 |    310 |   3358 |   4 | 1110.0 |
         Sewer |    538 |    538 |      0 |      0 |    450 |   1 |  538.0 |
               +--------+--------+--------+--------+--------+-----+--------+

Top non-repeatable levels by time:
     D:2: 1443 daAuts
     D:1: 1202 daAuts
     D:3: 1018 daAuts
     D:4: 776 daAuts
   Sewer: 538 daAuts
